 Dungeon Crawl Stone Soup version 0.32-a0-898-g7811c86cf0 (webtiles) character file.

Game seed: 2610833336323467241

6 KennySheep the Grasshopper (level 1, 0/17 HPs)
             Began as an Armataur Warper on Apr 4, 2024.
             Slain by a kobold
             ... wielding a +0 dagger
              (3 damage)
             ... on level 1 of the Dungeon.
             The game lasted 00:02:48 (92 turns).

KennySheep the Grasshopper (Armataur Warper)          Turns: 92, Time: 00:02:49

Health: 0/17       AC:  4    Str: 16    XL:     1   Next: 75%
Magic:  3/3        EV:  8    Int: 13    God:
Gold:   0          SH:  0    Dex:  9    Spells: 3/3 levels left

rFire   . . .        a - +0 short sword
rCold   . . .        (no shield)
rNeg    . . .        b - +0 leather armour
rPois   .            (no helmet)
rElec   .            (no cloak)
rCorr   .            (no gloves)
SInv    .            (no barding)
Will    .....        (no amulet)
Stlth   +            (no ring)
HPRegen 0.22/turn    (no ring)
MPRegen 0.08/turn

%: roll
@: no status effects
A: large, deformed body, tough skin 3, armoured tail, rollpage 1
a: no special abilities


You were on level 1 of the Dungeon.
You visited 1 branch of the dungeon, and saw 1 of its levels.

Inventory:

Hand Weapons
 a - a +0 short sword (weapon)
Missiles
 d - 5 darts of dispersal (quivered)
 f - 6 poisoned darts
Armour
 b - a +0 leather armour (worn)
Scrolls
 c - a scroll of blinking
 e - a scroll of enchant armour {unknown}
 g - a scroll of enchant weapon {unknown}


   Skills:
 + Level 1.8 Fighting
 * Level 2.0 Short Blades
 - Level 0.8 Throwing
 + Level 1.4 Armour
 - Level 1.3 Dodging
 * Level 0.8 Stealth
 - Level 1.7 Spellcasting
 - Level 3.0 Translocations


You had 3 spell levels left.
You didn't know any spells.
Your spell library contained the following spells:

 Spells                   Type           Power      Damage    Failure   Level
 Blink                    Tloc           16%        N/A       14%         2
 Lesser Beckoning         Tloc           16%        N/A       14%         2
 Maxwell's Portable Pile  Tloc           8%         2d(6-16)  28%         3
 Teleport Other           Tloc           8%         N/A       28%         3
 Vhi's Electric Charge    Tloc/Air       10%        N/A       86%         4


Dungeon Overview and Level Annotations

Branches:
Dungeon (1/15)

Altars:


Innate Abilities, Weirdness & Mutations

Armour fits poorly on your strangely shaped body.
You have extremely tough skin. (AC +3)
You have a long armoured tail.
You regenerate magic when rolling toward enemies. (Rampage MPRegen)


Message History

Throw: 7 darts (disperse)
Press: ? - help, Q - select action, (/) - cycle Shift-Dir - straight line, f - endoplasm
Aim: an endoplasm (moderately wounded, 82% to hit)
You throw a dart of dispersal.
The dart of dispersal hits the endoplasm.
The endoplasm blinks!
You hit the frilled lizard but do no damage.
The frilled lizard closely misses you.
You closely miss the frilled lizard.
The frilled lizard bites you but does no damage.
You barely miss the frilled lizard. The frilled lizard bites you.
You barely miss the frilled lizard. You closely miss the frilled lizard.
The frilled lizard bites you but does no damage.
You miss the frilled lizard. The frilled lizard barely misses you.
You miss the frilled lizard. The frilled lizard bites you.
* * * LOW HITPOINT WARNING * * *
You barely miss the frilled lizard.
The frilled lizard bites you but does no damage.
You closely miss the frilled lizard.
Your tail-slap misses the frilled lizard.
The frilled lizard completely misses you.
You hit the frilled lizard.
You kill the frilled lizard!
You hit the endoplasm but do no damage.
The endoplasm is lightly wounded.
The endoplasm freezes you.
You are frozen.
* * * LOW HITPOINT WARNING * * *
Throw: 6 darts (disperse)
Press: ? - help, Q - select action, (/) - cycle Shift-Dir - straight line, f/p - endoplasm
Aim: an endoplasm (lightly wounded, 82% to hit)
You throw a dart of dispersal.
The dart of dispersal hits the endoplasm.
The endoplasm blinks!
You miss the kobold. The kobold hits you but does no damage.
You closely miss the kobold. You hit the kobold but do no damage.
The kobold hits you but does no damage.
You barely miss the kobold. The kobold hits you with a +0 dagger.
You die...

## .....# #. .......##
########. .........#
#........ .........#
#........ .........#
#........
...[.....##########......[.
........J##....)...........
.........K@....####........
.........##########........
.........# #......).......
.........# ..###.#..######
........?# ........#
.......... ##.####.#
........... ... #.#
........####..# ..#
......... .# .##


You could see an endoplasm and a kobold.

Vanquished Creatures
  A goblin (D:1)
  A hobgoblin (D:1)
  A kobold (D:1)
  A ball python (D:1)
  2 frilled lizards (D:1)
6 creatures vanquished.

Notes
Turn   | Place    | Note
-------+----------+-------------------------------------------
     0 | D:1      | KennySheep the Armataur Warper began the quest for the Orb.
     0 | D:1      | Reached XP level 1. HP: 17/17 MP: 3/3
     3 | D:1      | Upgraded the game from 0.32-a0-893-gf85d74f360 to
                  | 0.32-a0-898-g7811c86cf0
    92 | D:1      | Slain by a kobold

Illustrated notes

Levels and vault maps discovered:
D:1:      nicolae_arrival_washed_ashore, layout_rooms

Skill      XL: |  1 |
---------------+----+-----
Short Blades   | 2 |  2.0
Fighting       | |  1.8
Throwing       | |  0.8
Armour         | |  1.4
Dodging        | |  1.3
Stealth        | |  0.8
Spellcasting   | |  1.7
Translocations | |  3.0

Action                     || total
---------------------------++-------
  Melee: Short sword       ||    32
         Tailslap          ||     4
  Throw: Dart              ||     2
 Armour: Leather armour    ||    14
  Dodge: Dodged            ||    10

Table legend: (Time is in decaauts)
 A = Elapsed time spent in this place.
 B = Non-inter-level travel time spent in this place.
 C = Inter-level travel time spent in this place.
 D = Time resting spent in this place.
 E = Time spent auto-exploring this place.
 F = Levels seen in this place.
 G = Mean time per level.
                   A        B        C        D        E       F      G
               +--------+--------+--------+--------+--------+-----+--------+
         Total |     88 |     88 |      0 |      0 |     40 |   1 |   88.0 |
       Dungeon |     88 |     88 |      0 |      0 |     40 |   1 |   88.0 |
               +--------+--------+--------+--------+--------+-----+--------+

Top non-repeatable levels by time:
     D:1: 88 daAuts
